Map: Nightscape LE

Players

MattBarry

  • Race: Protoss Protoss
  • League: Gold
  • Spawn Location: 7:00

MattBarry

  • Race: Zerg Zerg
  • League: Gold
  • Spawn Location: 7:00

AnomalousAnt - Winner!

  • Race: Terran Terran
  • Spawn Location: 1:00

Crass - Winner!

  • Race: Protoss Protoss
  • League: Diamond
  • Spawn Location: 1:00

VOD

Have the link to the VOD?

Description

Time

  • Played on: Jan. 21, 2023, 3:34 a.m.
  • Length: 18:54
Show
View Real Time Build Order
Export as new Build Order

MattBarry Protoss 

Build Orders: 1 Gate Expand, Double Forge 

Get SALT Encoding   

  12  0:00  Probe  
  13  0:12  Probe  
  14  0:17  Pylon  
  14  0:25  Probe  
  15  0:37  Probe  
  15  0:38  Gateway  
  16  0:43  Assimilator  
  16  0:50  Probe  
  17  1:02  Probe  
  18  1:14  Probe  
  19  1:23  Nexus  
  19  1:26  Probe  
  20  1:37  Cybernetics Core  
  20  1:40  Probe  
  21  1:52  Probe  
  22  1:54  Pylon  
  22  2:05  Probe  
  23  2:12  Adept (Chrono Boost)  
  23  2:13  Warp Gate  
  25  2:17  Probe  
  26  2:23  Pylon  
  26  2:25  Gateway  
  26  2:29  Probe  
  27  2:32  Assimilator  
  27  2:39  Probe  
  27  2:41  Adept  
  30  2:44  Probe  
  31  2:52  Probe  
  31  2:55  Pylon  
  31  2:56  Probe  
  33  3:04  Probe  
  34  3:08  Probe  
  34  3:12  Stalker  
  39  3:14  Sentry  
  39  3:16  Probe  
  40  3:20  Gateway  
  40  3:21  Probe  
  41  3:28  Probe  
  41  3:33  Probe  
  43  3:40  Probe  
  43  3:41  Forge  
  44  3:42  Forge  
  44  3:45  Probe  
  45  3:50  Stalker  
  45  3:52  Stalker  
  49  3:59  Probe x2  
  51  4:08  Pylon  
  51  4:17  Probe x2  
  51  4:20  Assimilator  
  51  4:21  Protoss Ground Weapons Level 1 (Chrono Boost), Protoss Ground Armor Level 1 (Chrono Boost)  
  51  4:24  Assimilator  
  53  4:28  Twilight Council  
  53  4:29  Robotics Facility  
  53  4:31  Probe x2  
  55  4:33  Pylon  
  55  4:35  Pylon  
  55  4:46  Probe x2  
  57  4:58  Probe x2  
  59  5:06  Stalker x3  
  65  5:10  Probe x2  
  67  5:14  Blink (Chrono Boost)  
  67  5:16  Observer  
  68  5:22  Probe x2  
  68  5:27  Nexus  
  70  5:29  Pylon  
  70  5:34  Probe x2  
  72  5:40  Observer  
  52  6:21  Observer, Protoss Ground Weapons Level 2 (Chrono Boost)  
  52  6:22  Protoss Ground Armor Level 2 (Chrono Boost)  
  53  6:29  Stalker x3  
  59  6:43  Probe (Chrono Boost)  
  59  6:44  Probe (Chrono Boost)  
  61  6:53  Probe x2 (Chrono Boost)  
  63  6:54  Photon Cannon  
  63  6:58  Probe x3 (Chrono Boost)  
  66  7:06  Photon Cannon  
  66  7:09  Photon Cannon, Probe  
  66  7:11  Probe x2  
  69  7:18  Stalker x3  
  69  7:21  Probe  
  76  7:23  Probe x2  
  78  7:33  Probe  
  78  7:35  Charge, Probe x2  
  81  7:38  Warp Prism  
  74  8:10  Probe  
  74  8:11  Probe x2  
  77  8:19  Observer  
  78  8:21  Zealot x2  
  78  8:22  Zealot  
  84  8:38  Probe x3  
  87  8:50  Probe x3  
  86  9:02  Probe  
  83  9:10  Gateway  
  83  9:12  Gateway  
  83  9:13  Gateway, Probe x2  
  83  9:14  Probe  
  83  9:16  Gateway  
  86  9:18  Photon Cannon  
  86  9:20  Photon Cannon  
  86  9:25  Probe  
  86  9:26  Stalker x3  
  93  9:32  Protoss Ground Weapons Level 3 (Chrono Boost), Protoss Ground Armor Level 3 (Chrono Boost)  
  93  9:34  Robotics Bay  
  93  9:37  Probe x2  
  95  9:40  Assimilator  
  95  9:44  Assimilator  
  95  9:47  Observer  
  95  9:48  Observer  
  95  9:51  Pylon  
  96  9:53  Pylon  
  96  9:56  Pylon  
  96  10:02  Stalker x2  
  96  10:03  Stalker  
  102  10:23  Stalker x3  
  102  10:24  Stalker  
  110  10:41  Nexus  
  110  10:43  Stalker  
  110  10:44  Pylon, Stalker x2  
  110  10:49  Pylon  
  116  10:58  Stalker x4  
  124  11:14  Observer, Stalker x3  
  90  11:59  Stalker x5  
  90  12:00  Stalker x2  
  102  12:02  Disruptor  
  104  12:13  Gateway x2  
  104  12:15  Gateway  
  104  12:18  Gateway  
  104  12:20  Pylon  
  104  12:26  Stalker  
  104  12:27  Stalker x5  
  104  12:28  Stalker  
  118  12:31  Protoss Shields Level 1  
  118  12:38  Disruptor  
  118  12:41  Probe x4  
  125  12:51  Assimilator  
  125  12:55  Assimilator  
  125  12:57  Stalker x4  
  125  12:58  Stalker x3  
  139  13:10  Stalker  
  139  13:11  Stalker x2  
  139  13:12  Stalker  
  147  13:13  Disruptor (Chrono Boost)  
  150  13:27  Stalker x2  
  150  13:28  Stalker x4  
  150  13:29  Stalker  
  150  13:33  Observer  
  164  13:46  Disruptor (Chrono Boost)  
  167  14:16  Nexus  
  167  14:17  Pylon  
  167  14:20  Pylon  
  79  14:48  Stalker  
  79  14:49  Stalker x7  
  79  14:50  Stalker x3  
  79  14:52  Disruptor (Chrono Boost)  
  100  15:13  Stalker x3  
  100  15:14  Stalker x8  
  112  15:15  Observer  
  112  15:21  Photon Cannon, Disruptor (Chrono Boost)  
  122  15:23  Photon Cannon  
  122  15:25  Photon Cannon  
  122  15:27  Photon Cannon  
  125  15:41  Stalker x4  
  125  15:42  Stalker x7  
  147  15:51  Disruptor (Chrono Boost)  
  140  16:19  Disruptor  
  140  16:21  Stalker x5  
  140  16:22  Stalker x6  
  161  16:45  Templar Archives  
  161  16:55  Disruptor  
  164  17:16  Probe x2  
  164  17:17  Probe  
  164  17:20  Probe  
  168  17:24  Stalker x3  
  168  17:25  Stalker x3  
  168  17:26  Stalker x4  
  168  17:27  Stalker  
  190  17:31  Disruptor  
  190  17:32  Probe  
  165  17:44  Probe  
  144  18:10  Stalker  
  144  18:11  Stalker x7  
  144  18:12  Stalker x3  
  89  18:37  Zealot x3  
  89  18:38  Zealot x4  
  89  18:39  Zealot  
Show
View Real Time Build Order
Export as new Build Order

MattBarry Zerg 

Build Orders: Pool First 

Get SALT Encoding   

  12  0:00  Drone  
  13  0:08  Drone  
  14  0:16  Overlord  
  14  0:25  Extractor  
  14  0:26  Drone  
  15  0:38  Spawning Pool  
  15  0:41  Drone  
  15  0:46  Drone  
  16  1:12  Drone  
  16  1:14  Drone  
  16  1:15  Hatchery  
  17  1:19  Extractor  
  17  1:21  Drone  
  17  1:30  Drone  
  18  1:44  Zergling x2  
  18  1:46  Zergling x2  
  20  1:57  Drone  
  21  2:08  Queen, Extractor  
  22  2:09  Overlord  
  22  2:20  Metabolic Boost  
  22  2:28  Drone  
  24  2:31  Queen  
  26  2:40  Drone  
  27  2:45  Drone x2  
  29  2:53  Drone x2  
  31  3:02  Roach Warren  
  31  3:03  Drone  
  31  3:04  Drone  
  31  3:05  Extractor  
  31  3:11  Drone x2  
  33  3:21  Zergling x2  
  33  3:22  Zergling x4  
  36  3:33  Evolution Chamber  
  35  3:40  Drone  
  36  3:41  Overlord  
  36  3:44  Extractor  
  36  3:45  Extractor  
  36  3:46  Roach  
  36  3:52  Overlord  
  38  4:00  Zerg Missile Weapons Level 1  
  38  4:04  Roach x3  
  38  4:05  Overlord  
  44  4:14  Drone x2  
  44  4:15  Drone  
  44  4:16  Drone x2  
  49  4:33  Lair  
  49  4:34  Drone x2  
  49  4:35  Drone x3  
  54  4:47  Drone  
  54  4:48  Drone x2  
  54  4:50  Drone  
  58  5:02  Baneling Nest  
  57  5:10  Overlord  
  57  5:12  Zergling x4  
  59  5:24  Drone  
  59  5:26  Overlord x2  
  59  5:28  Queen  
  62  5:41  Hatchery  
  61  5:43  Spore Crawler  
  61  5:44  Hydralisk Den  
  61  5:46  Hydralisk Den  
  61  5:49  Spore Crawler x2  
  46  6:19  Roach  
  46  6:20  Roach x11  
  46  6:23  Queen, Drone  
  46  6:25  Queen  
  75  6:33  Spore Crawler  
  75  6:36  Spine Crawler  
  75  6:37  Spore Crawler  
  72  6:40  Spine Crawler  
  71  6:49  Glial Reconstitution  
  71  7:11  Zergling x16  
  76  7:28  Zergling x14  
  54  7:45  Overseer  
  54  7:47  Roach x7  
  64  7:51  Overseer  
  63  8:10  Roach  
  63  8:11  Roach x3  
  69  8:17  Roach  
  71  8:25  Drone x7  
  74  8:29  Drone  
  74  8:30  Drone  
  73  8:35  Drone  
  73  8:38  Roach  
  72  8:48  Roach x2  
  61  9:03  Overseer x2  
  59  9:14  Zergling x6  
  59  9:15  Zergling x8  
  66  9:17  Overlord x2  
  66  9:31  Overlord  
  66  9:35  Roach  
  66  9:36  Roach x6  
  78  9:41  Extractor  
  78  9:44  Extractor  
  76  9:45  Queen  
  76  9:46  Extractor  
  76  9:47  Extractor  
  76  9:51  Roach x3  
  82  9:53  Zergling x2  
  83  10:13  Roach x3  
  88  10:19  Overlord x3  
  88  10:20  Overlord  
  88  10:30  Drone, Overlord  
  89  10:36  Queen  
  89  10:37  Zerg Ground Armor Level 1  
  89  10:39  Evolution Chamber  
  89  10:42  Roach x4  
  98  10:55  Pneumatized Carapace  
  98  11:12  Queen  
  98  11:18  Hydralisk x5  
  102  11:21  Overlord x2  
  87  11:48  Queen  
  59  12:06  Roach x15  
  89  12:12  Roach  
  91  12:18  Muscular Augments  
  91  12:19  Grooved Spines  
  91  12:20  Zergling x6  
  94  12:30  Overlord x2  
  94  12:31  Overlord  
  94  12:45  Overlord x3  
  94  12:52  Ravager x3  
  97  12:58  Overlord x2  
  97  13:02  Overlord  
  97  13:06  Overseer x2  
  97  13:22  Roach x4  
  105  13:37  Hatchery  
  104  13:42  Drone  
  104  13:43  Drone x2  
  107  13:58  Spire  
  107  14:01  Infestation Pit  
  88  14:10  Hydralisk x2  
  88  14:14  Drone  
  93  14:24  Hydralisk  
  93  14:25  Hydralisk  
  98  14:31  Drone x3  
  100  14:55  Hydralisk x4  
  100  14:56  Overlord  
  108  15:00  Drone  
  108  15:01  Drone  
  108  15:03  Drone  
  111  15:07  Overlord  
  111  15:13  Drone x3  
  114  15:28  Hive, Overlord  
  114  15:29  Infestor  
  116  15:39  Overlord  
  116  15:40  Infestor  
  116  15:42  Overlord  
  87  16:06  Hydralisk x6  
  90  16:38  Corruptor  
  90  16:39  Corruptor x3  
  98  16:57  Zerg Flyer Armor Level 1  
  98  16:58  Drone x5  
  98  16:59  Drone  
  104  17:05  Neural Parasite  
  104  17:10  Overlord  
  104  17:20  Drone x4  
  108  17:34  Hatchery  
  103  17:48  Corruptor x2  
  103  17:54  Hydralisk x2  
  83  18:04  Hydralisk x2  
  62  18:08  Hydralisk  
  64  18:17  Hydralisk x2  
Show
View Real Time Build Order
Export as new Build Order

AnomalousAnt Terran - Winner!

Build Orders: 2 Factory 

Get SALT Encoding   

  12  0:00  SCV  
  13  0:22  Supply Depot  
  13  1:25  SCV  
  14  1:29  Refinery  
  14  1:31  Refinery  
  14  1:37  SCV  
  15  1:49  SCV  
  16  2:10  Barracks  
  16  2:17  SCV  
  17  2:29  SCV  
  18  2:33  Supply Depot  
  18  2:41  SCV  
  19  2:53  SCV  
  19  2:56  Supply Depot  
  20  3:05  SCV  
  21  3:09  Factory  
  21  3:18  Orbital Command  
  21  3:20  Supply Depot  
  21  3:27  Factory  
  21  3:34  Command Center  
  21  3:43  SCV  
  22  3:53  Marine  
  23  3:55  SCV  
  23  3:56  Widow Mine  
  26  4:11  Marine  
  27  4:18  Widow Mine  
  29  4:26  Engineering Bay  
  29  4:30  Widow Mine  
  31  4:45  Widow Mine  
  33  4:51  Widow Mine  
  35  4:53  Armory  
  35  4:57  Starport  
  37  5:28  Widow Mine  
  37  5:29  Widow Mine  
  39  5:39  Starport Tech Lab  
  39  5:43  Terran Ship Weapons Level 1  
  39  6:16  Command Center  
  39  6:27  Armory  
  39  6:39  Fusion Core  
  42  6:49  SCV  
  42  6:51  SCV  
  42  7:01  SCV  
  42  7:03  SCV  
  43  7:11  Refinery  
  43  7:13  SCV  
  43  7:15  Refinery  
  44  7:16  SCV  
  44  7:17  Widow Mine  
  47  7:25  SCV  
  47  7:28  SCV  
  49  7:37  SCV  
  49  7:38  Widow Mine  
  49  7:40  SCV  
  53  8:10  Orbital Command  
  53  8:18  Command Center  
  53  8:20  Command Center, Terran Ship Weapons Level 2  
  53  8:22  Terran Vehicle And Ship Armor Level 1  
  53  8:23  Weapon Refit  
  55  9:02  Battlecruiser  
  55  9:21  Starport  
  55  9:24  Starport  
  55  9:34  SCV x3  
  58  9:46  SCV x3  
  58  9:52  Refinery  
  61  9:56  Refinery  
  61  9:58  SCV x3  
  64  10:02  Starport  
  64  10:09  Starport Tech Lab  
  64  10:10  Starport Tech Lab, SCV x3  
  65  10:22  SCV x2  
  65  10:26  Orbital Command  
  67  10:34  SCV x2  
  69  10:46  SCV x2  
  69  10:48  Starport Tech Lab  
  69  10:49  Battlecruiser x2  
  83  10:50  Battlecruiser  
  83  10:54  SCV  
  90  10:58  SCV x2  
  92  11:06  SCV  
  93  11:24  Planetary Fortress  
  92  12:10  Command Center  
  92  12:15  Command Center, Refinery  
  92  12:36  Supply Depot  
  92  12:38  Supply Depot  
  92  12:40  Supply Depot x2  
  92  12:41  Supply Depot  
  92  12:42  Supply Depot  
  92  12:58  SCV x2, Battlecruiser  
  100  12:59  SCV, Battlecruiser  
  100  13:02  Battlecruiser x2  
  119  13:10  SCV x2  
  119  13:11  SCV  
  122  13:22  SCV x2  
  122  13:23  SCV  
  122  13:24  Refinery  
  125  13:33  Orbital Command  
  125  13:34  SCV x2  
  125  13:35  SCV  
  128  13:46  SCV x2  
  130  13:52  Planetary Fortress  
  130  14:03  Starport  
  130  14:09  Starport  
  130  14:12  Starport  
  130  14:14  Battlecruiser x3  
  130  14:15  Battlecruiser  
  148  14:44  Terran Ship Weapons Level 3  
  148  14:45  Terran Vehicle And Ship Armor Level 2  
  148  14:48  Starport Tech Lab  
  148  14:49  Starport Tech Lab  
  148  14:50  Starport Tech Lab  
  148  14:58  Planetary Fortress  
  148  15:07  SCV  
  148  15:08  SCV x3  
  152  15:17  Battlecruiser  
  152  15:18  Battlecruiser  
  164  15:21  Hi-Sec Auto Tracking  
  115  16:34  Battlecruiser x3  
  133  17:04  Battlecruiser  
  133  17:07  Refinery  
  151  17:08  Battlecruiser x3  
  151  17:10  Refinery  
  157  17:23  Supply Depot x4  
  157  17:24  Supply Depot  
  157  17:25  Supply Depot  
  157  17:26  Supply Depot  
  157  17:30  Supply Depot x2  
  157  17:38  Battlecruiser  
  163  17:48  Supply Depot  
  163  17:51  Supply Depot x2  
  163  17:53  Supply Depot x2  
  163  17:54  Supply Depot  
  163  17:57  Supply Depot  
  163  17:59  Supply Depot x2  
  163  18:16  Supply Depot  
  163  18:20  Supply Depot  
  163  18:22  Supply Depot  
  163  18:23  Supply Depot  
  163  18:24  Supply Depot  
  163  18:25  Supply Depot  
  163  18:29  Supply Depot  
  163  18:33  Supply Depot  
  163  18:34  Supply Depot  
Show
View Real Time Build Order
Export as new Build Order

Crass Protoss - Winner!

Build Orders: 1 Gate Expand, Double Forge, Blink Stalkers, Dark Templar Rush 

Get SALT Encoding   

  12  0:00  Probe  
  13  0:12  Probe  
  14  0:18  Pylon  
  14  0:24  Probe  
  15  0:36  Probe (Chrono Boost)  
  15  0:39  Gateway  
  16  0:48  Probe (Chrono Boost)  
  17  0:57  Probe (Chrono Boost)  
  18  1:03  Probe  
  19  1:15  Probe  
  20  1:20  Nexus  
  20  1:28  Cybernetics Core  
  20  1:33  Probe  
  20  1:35  Assimilator  
  20  1:38  Assimilator  
  21  1:45  Probe  
  22  1:54  Pylon  
  22  1:57  Probe  
  23  2:10  Pylon  
  23  2:13  Pylon  
  23  2:20  Warp Gate (Chrono Boost)  
  23  2:28  Probe  
  24  2:30  Twilight Council  
  24  2:32  Gateway  
  24  2:37  Gateway  
  24  2:40  Probe (Chrono Boost)  
  24  2:41  Probe (Chrono Boost)  
  28  2:51  Probe (Chrono Boost)  
  28  2:52  Probe (Chrono Boost)  
  28  2:57  Probe x2 (Chrono Boost)  
  30  3:01  Robotics Facility  
  30  3:07  Probe (Chrono Boost)  
  31  3:14  Dark Shrine  
  31  3:15  Probe (Chrono Boost)  
  33  3:25  Probe x2 (Chrono Boost)  
  34  3:30  Probe (Chrono Boost)  
  34  3:31  Probe (Chrono Boost)  
  36  3:42  Blink (Chrono Boost), Probe (Chrono Boost)  
  36  3:43  Probe (Chrono Boost)  
  38  3:55  Probe (Chrono Boost)  
  40  3:59  Probe (Chrono Boost)  
  40  4:01  Stalker x2  
  43  4:03  Probe (Chrono Boost)  
  43  4:05  Assimilator  
  43  4:06  Probe (Chrono Boost)  
  43  4:07  Assimilator  
  43  4:09  Pylon  
  45  4:15  Probe  
  46  4:18  Probe  
  47  4:24  Pylon  
  47  4:27  Probe  
  47  4:30  Probe  
  47  4:31  Gateway x2  
  49  4:34  Gateway  
  49  4:43  Dark Templar x2  
  53  4:49  Forge  
  53  4:51  Forge  
  53  4:53  Observer  
  53  4:54  Pylon  
  53  4:58  Dark Templar  
  56  5:15  Probe x2  
  56  5:20  Gateway  
  58  5:22  Pylon  
  58  5:26  Charge (Chrono Boost)  
  58  5:27  Protoss Ground Armor Level 1 (Chrono Boost)  
  58  5:31  Stalker  
  58  5:33  Protoss Ground Weapons Level 1 (Chrono Boost)  
  60  5:47  Probe  
  61  5:57  Nexus  
  61  5:59  Pylon  
  59  6:08  Assimilator, Probe x2  
  61  6:13  Assimilator  
  61  6:15  Robotics Bay  
  61  6:16  Photon Cannon, Pylon  
  61  6:17  Pylon  
  59  6:18  Photon Cannon  
  59  6:20  Photon Cannon  
  59  6:27  Templar Archives  
  59  6:28  Photon Cannon  
  59  6:29  Pylon  
  57  6:33  Stalker  
  57  6:34  Stalker x2  
  57  6:38  Probe  
  57  6:39  Probe  
  65  6:45  Photon Cannon  
  65  6:47  Photon Cannon  
  65  6:51  Shield Battery, Probe  
  65  6:53  Probe  
  67  6:54  Extended Thermal Lance (Chrono Boost)  
  67  7:03  Probe  
  67  7:05  Probe  
  67  7:08  Psionic Storm  
  69  7:13  Zealot  
  69  7:14  Zealot  
  69  7:15  Probe  
  74  7:30  Dark Templar x2  
  74  7:31  Zealot, Dark Templar x2  
  84  7:39  Zealot, Dark Templar  
  76  8:01  Probe x2  
  76  8:02  Probe  
  79  8:07  Gateway  
  79  8:08  Gateway  
  79  8:11  Gateway, Colossus (Chrono Boost)  
  79  8:13  Pylon, Probe  
  79  8:14  Protoss Ground Armor Level 2 (Chrono Boost), Probe  
  87  8:24  Protoss Ground Weapons Level 2 (Chrono Boost)  
  87  8:27  Zealot, Dark Templar x2  
  87  8:30  Archon  
  87  8:31  Archon  
  87  8:32  Stalker  
  95  8:41  Zealot, Dark Templar x2  
  101  8:55  Zealot, Dark Templar  
  96  8:56  Archon  
  84  9:06  Dark Templar  
  84  9:07  Zealot  
  84  9:08  Zealot x4  
  84  9:09  Colossus (Chrono Boost)  
  100  9:19  Stalker x2  
  104  9:28  Shield Battery  
  104  9:29  Gateway  
  104  9:31  Shield Battery  
  104  9:32  Shield Battery  
  104  9:34  Pylon  
  104  9:46  High Templar x3  
  104  9:48  Observer (Chrono Boost)  
  104  9:52  Archon  
  111  9:55  High Templar  
  111  9:58  Zealot x4  
  111  9:59  Zealot x2  
  125  10:06  Observer (Chrono Boost)  
  126  10:23  Stalker  
  126  10:24  Stalker x4  
  126  10:25  Stalker  
  126  10:26  Stalker  
  140  10:31  Nexus  
  140  10:34  Pylon  
  140  10:37  Pylon, High Templar  
  142  10:43  Assimilator  
  142  10:46  Assimilator  
  142  10:47  Protoss Ground Weapons Level 3 (Chrono Boost)  
  142  10:57  Protoss Ground Armor Level 3 (Chrono Boost)  
  142  10:59  Zealot x4  
  148  11:27  High Templar  
  148  11:29  High Templar  
  148  11:30  Zealot  
  148  11:31  Zealot x3  
  148  11:32  Zealot x2  
  124  12:01  Gateway  
  124  12:03  Gateway  
  124  12:04  Colossus (Chrono Boost)  
  124  12:05  Gateway, High Templar  
  132  12:09  Pylon  
  132  12:10  Stalker  
  132  12:11  Pylon, Stalker x2  
  132  12:12  Stalker x3  
  144  12:25  Probe x4  
  148  12:32  Dark Templar x2  
  148  12:36  Archon  
  152  12:37  Dark Templar x2, Probe x4  
  160  12:45  Colossus (Chrono Boost)  
  160  12:49  Probe  
  167  12:59  Probe x3  
  167  13:01  Probe  
  167  13:04  Shield Battery x2  
  171  13:06  Photon Cannon  
  171  13:07  Photon Cannon  
  171  13:22  Dark Templar x3  
  171  13:23  Dark Templar  
  171  13:25  Colossus (Chrono Boost)  
  171  13:26  Dark Templar  
  187  13:29  Archon  
  187  13:30  Archon  
  187  13:33  Protoss Shields Level 1 (Chrono Boost)  
  187  13:37  Dark Templar x2  
  187  13:38  Dark Templar  
  193  13:43  Pylon  
  193  13:44  Archon x3  
  193  13:45  Pylon  
  193  13:48  Dark Templar  
  195  14:07  Warp Prism (Chrono Boost)  
  195  14:15  Dark Templar  
  199  14:17  Probe  
  200  14:30  Nexus  
  198  14:31  Pylon  
  198  14:34  Pylon  
  162  14:51  Gateway  
  162  14:52  Gateway  
  162  14:55  Photon Cannon  
  162  14:57  Photon Cannon  
  162  14:58  Shield Battery  
  162  14:59  Colossus (Chrono Boost), Shield Battery  
  162  15:00  Photon Cannon  
  162  15:02  Pylon  
  162  15:05  Photon Cannon  
  162  15:07  High Templar  
  170  15:08  Dark Templar  
  170  15:09  Dark Templar x3  
  170  15:10  Dark Templar x3  
  170  15:11  Dark Templar  
  170  15:12  Dark Templar x2  
  170  15:13  Dark Templar x2  
  194  15:15  Archon x3  
  194  15:16  Archon x2  
  194  15:17  Archon  
  194  15:20  Stalker  
  196  15:38  Observer (Chrono Boost)  
  196  15:47  Stalker x2  
  200  16:01  Assimilator  
  200  16:06  Assimilator  
  200  16:16  Pylon  
  200  16:17  Pylon  
  200  16:27  Protoss Shields Level 2 (Chrono Boost)  
  200  16:39  Gravitic Drive (Chrono Boost)  
  200  16:40  Gateway  
  200  16:44  Gateway  
  200  16:46  Gateway  
  200  16:48  Pylon  
  200  16:51  Pylon  
  200  17:08  Nexus  
  200  17:09  Pylon  
  200  17:12  Pylon  
  200  17:16  Assimilator  
  200  17:19  Assimilator  
  200  17:26  Gateway  
  200  17:27  Gateway  
  200  17:29  Photon Cannon, Gravitic Boosters  
  200  17:30  Shield Battery  
  200  17:32  Pylon  
  200  17:33  Pylon  
  138  17:46  Dark Templar x2  
  138  17:47  Dark Templar x4  
  138  17:48  Dark Templar  
  138  17:49  Stalker  
  138  17:50  Zealot x3  
  138  17:51  Zealot x2  
  118  18:05  Dark Templar  
  118  18:06  Zealot x3, Dark Templar x2  
  114  18:17  Zealot x6  
  114  18:19  Zealot x2  
  118  18:23  Dark Templar x4  
  118  18:24  Zealot x3  
  118  18:35  Zealot, Dark Templar x2  
  116  18:50  Dark Templar x2  
  116  18:51  Zealot x3  
  116  18:52  Zealot  
Tags
 
Add a new tag
Caveats
  • Supply blocks, unpowered buildings, or Contaminate may cause inaccurate times.
  • Supply counts are checked every 10 seconds.